Map: Dusk Towers

Players

capac - Winner!

  • Race: Terran Terran
  • League: Gold

Rame

  • Race: Zerg Zerg
  • League: Gold

VOD

Have the link to the VOD?

Description

Time

  • Played on: April 12, 2016, 2:22 p.m.
  • Length: 17:10
Show
View Real Time Build Order
Export as new Build Order

capac Terran - Winner!

Build Orders: Reaper Expand, MMM Bio 

Get SALT Encoding   

  12  0:00  SCV  
  13  0:13  SCV  
  14  0:19  Supply Depot  
  14  0:27  SCV  
  15  0:41  SCV  
  16  0:42  Barracks  
  16  0:47  Refinery  
  16  0:53  SCV  
  17  1:05  SCV  
  18  1:17  SCV  
  19  1:31  Orbital Command  
  19  1:33  Reaper  
  19  1:39  Command Center  
  20  1:49  Supply Depot  
  20  1:57  SCV  
  21  2:04  Barracks  
  21  2:08  Marine  
  21  2:09  SCV  
  23  2:18  Factory  
  23  2:22  SCV  
  24  2:26  Refinery  
  24  2:28  Barracks Reactor  
  24  2:34  SCV  
  25  2:46  SCV  
  25  2:51  Orbital Command  
  26  2:54  Barracks Tech Lab  
  26  3:05  SCV  
  27  3:17  SCV  
  27  3:19  SCV  
  29  3:20  Marine x3  
  29  3:23  Starport  
  29  3:25  Factory Tech Lab  
  31  3:30  SCV  
  31  3:32  SCV  
  33  3:38  Marine x2  
  33  3:39  Stimpack  
  35  3:42  Marine  
  35  3:45  SCV x2  
  38  3:54  Supply Depot  
  38  3:56  Marine x2  
  38  3:57  SCV x2  
  38  3:59  Marine  
  43  4:03  Barracks  
  43  4:04  Siege Tank  
  46  4:16  Marine x2, SCV x2  
  50  4:17  Marine  
  50  4:20  Supply Depot, Starport Reactor  
  50  4:22  Medivac  
  53  4:29  Refinery  
  53  4:34  Marine  
  54  4:41  Marine, Siege Tank  
  58  4:54  Marine x2  
  58  4:56  Barracks Reactor  
  58  4:59  Marine  
  61  5:01  Barracks  
  61  5:09  Barracks  
  61  5:10  Supply Depot  
  61  5:11  Command Center  
  61  5:20  SCV x2  
  63  5:23  Starport Reactor  
  63  5:27  Marine x3  
  66  5:45  Marine x3, Siege Tank  
  66  5:48  Supply Depot  
  72  5:51  Barracks Tech Lab  
  72  6:00  Engineering Bay  
  72  6:02  Engineering Bay, Barracks Reactor  
  72  6:05  SCV  
  72  6:08  Marine x2  
  75  6:17  Refinery, SCV x2  
  77  6:18  Supply Depot  
  77  6:27  Marine x2  
  77  6:28  Marine x2  
  77  6:31  Combat Shields  
  81  6:43  Missile Turret x2  
  81  6:47  Supply Depot  
  81  6:53  Medivac x2  
  85  7:04  SCV x2  
  85  7:08  Marine x4  
  88  7:09  Marine x2  
  88  7:10  Marauder  
  88  7:12  Marauder  
  97  7:16  SCV x2  
  99  7:30  Supply Depot  
  99  7:36  Medivac x2  
  103  7:37  Marine x4  
  103  7:38  Marine x3  
  105  7:48  Marine  
  106  7:55  Marine x4  
  106  7:56  Marauder  
  112  8:03  Orbital Command, SCV x2  
  114  8:06  Marauder  
  114  8:10  Siege Tank  
  114  8:11  Terran Infantry Weapons Level 1, Terran Infantry Armor Level 1  
  119  8:13  Armory  
  119  8:15  SCV x2  
  121  8:29  Liberator x2  
  116  8:50  Marine x3  
  116  8:51  Marine x4  
  116  8:52  Marauder  
  125  8:56  Supply Depot  
  125  9:12  Supply Depot  
  125  9:15  Liberator  
  125  9:18  Marauder x2, Marine x4  
  133  9:25  Supply Depot, Marine x2, SCV  
  133  9:26  SCV x2  
  129  9:36  Marine x2  
  134  9:40  Marauder  
  134  9:43  Starport, Marine x5  
  134  9:44  Starport  
  141  9:49  Supply Depot  
  141  9:50  Siege Tank  
  144  9:52  Supply Depot  
  144  9:53  Marine  
  144  9:54  Terran Ship Weapons Level 1  
  145  10:01  Marauder x2  
  145  10:03  Marine x4  
  145  10:04  Marine  
  145  10:06  SCV  
  155  10:10  SCV x2  
  155  10:11  Marine  
  158  10:18  Medivac x2  
  158  10:21  Terran Infantry Weapons Level 2  
  162  10:22  Marauder  
  162  10:23  Terran Infantry Armor Level 2  
  162  10:45  Liberator x2  
  162  10:51  SCV x3  
  162  10:52  Marine, Command Center  
  162  10:53  Marine x5  
  162  10:54  Marauder  
  173  10:58  Supply Depot  
  173  11:02  Marauder  
  181  11:10  Starport Reactor x2  
  181  11:14  Fusion Core  
  181  11:15  Refinery, Marauder  
  181  11:16  Starport  
  181  11:18  Refinery  
  131  12:03  Liberator  
  131  12:06  SCV x3  
  131  12:07  Marine x3, Liberator  
  131  12:08  Liberator x4  
  118  12:17  Marine x4  
  118  12:18  Marauder, SCV  
  128  12:23  Starport Tech Lab  
  128  12:24  Marine  
  128  12:25  Marine x2  
  146  12:36  Marauder  
  146  12:39  Marauder  
  147  12:46  Marine  
  147  12:47  Marine x5  
  153  12:56  Siege Tank  
  153  12:57  Marauder  
  158  13:00  Marine  
  158  13:02  Advanced Ballistics  
  158  13:04  Marine x2  
  161  13:06  Terran Infantry Weapons Level 3  
  161  13:19  Marine  
  162  13:20  Marine x5  
  162  13:22  Marine x2, Planetary Fortress  
  169  13:37  Marine x3  
  169  13:38  Marine x2  
  160  13:59  Marine x5  
  160  14:00  Marine x2  
  160  14:01  Marauder  
  169  14:12  Liberator x6  
  169  14:18  Marauder  
  169  14:22  Marauder  
  173  14:27  Marine x3  
  173  14:28  Marine x3  
  197  14:40  Marauder  
  199  14:52  Marine  
  146  15:57  Marine x2  
  146  15:58  Marine x6  
  152  16:17  Marauder x2  
  150  16:33  Marine x5  
  150  16:34  Marine  
  151  16:44  Marine x2  
  165  16:51  Marine x6  
Show
View Real Time Build Order
Export as new Build Order

Rame Zerg 

Build Orders: Hatch First 

Get SALT Encoding   

  12  0:02  Drone  
  13  0:08  Drone  
  14  0:17  Overlord  
  14  0:23  Extractor, Drone  
  15  0:48  Hatchery  
  14  0:53  Drone  
  14  0:57  Extractor  
  14  1:00  Extractor  
  14  1:02  Drone x2  
  16  1:05  Drone  
  17  1:21  Spawning Pool  
  16  1:26  Drone  
  16  1:29  Drone  
  18  1:37  Overlord  
  18  1:59  Drone  
  19  2:02  Drone x2  
  19  2:08  Queen  
  21  2:09  Queen  
  21  2:15  Metabolic Boost  
  25  2:18  Zergling x2  
  27  2:22  Zergling x2  
  27  2:34  Drone x4  
  31  2:40  Overlord  
  31  2:51  Queen  
  31  2:53  Drone  
  31  2:54  Drone  
  35  3:29  Drone  
  35  3:30  Drone x4  
  40  3:37  Extractor, Roach Warren  
  38  3:44  Overlord x3  
  38  3:47  Lair  
  38  4:10  Drone x4  
  38  4:11  Queen  
  44  4:20  Drone x4  
  44  4:21  Drone x3  
  51  4:32  Hatchery  
  50  4:45  Overlord x2  
  50  5:01  Extractor x2, Drone x2  
  50  5:02  Overlord x2  
  50  5:16  Glial Reconstitution  
  50  5:20  Drone x2  
  50  5:21  Evolution Chamber  
  51  5:22  Evolution Chamber, Roach x6  
  51  5:23  Roach x3  
  67  5:32  Overlord  
  67  5:34  Overlord  
  66  5:37  Pneumatized Carapace  
  66  5:45  Roach x2  
  70  5:50  Overlord  
  70  5:51  Overlord  
  70  5:52  Overlord  
  70  5:59  Drone x4  
  70  6:02  Queen  
  76  6:07  Drone x4  
  76  6:09  Zerg Missile Weapons Level 1  
  76  6:10  Zerg Ground Armor Level 1  
  80  6:23  Roach x2  
  80  6:24  Roach x4  
  92  6:26  Ravager x3  
  95  6:35  Drone  
  95  6:36  Drone x5  
  101  6:40  Drone  
  101  6:41  Drone  
  103  6:55  Overlord  
  103  6:56  Overlord  
  103  6:57  Overlord  
  103  7:00  Overlord  
  103  7:01  Overlord  
  103  7:04  Drone x3  
  103  7:05  Drone x3  
  109  7:09  Tunneling Claws  
  109  7:11  Burrow  
  109  7:16  Roach  
  109  7:17  Roach x4  
  109  7:19  Roach  
  109  7:20  Roach  
  123  7:30  Drone  
  123  7:31  Overlord x2  
  123  7:32  Overlord  
  112  7:47  Roach x2  
  112  7:48  Roach x10  
  130  7:59  Ravager x2  
  130  8:00  Ravager  
  130  8:04  Extractor, Drone x2  
  130  8:05  Extractor, Drone x2  
  135  8:11  Infestation Pit  
  134  8:23  Zerg Missile Weapons Level 2  
  131  8:38  Zerg Ground Armor Level 2  
  131  8:42  Hatchery  
  130  8:49  Drone  
  131  9:04  Drone  
  131  9:06  Hydralisk Den  
  129  9:32  Roach x2  
  129  9:33  Roach x14  
  129  9:34  Roach x2  
  165  9:39  Ravager  
  165  9:40  Ravager  
  165  9:44  Overlord  
  167  9:45  Overlord  
  167  9:47  Overlord  
  167  9:48  Overlord  
  167  9:55  Hive  
  167  10:01  Drone  
  167  10:05  Drone x5  
  167  10:06  Drone x2  
  175  10:36  Drone  
  140  10:57  Lurker Den  
  140  10:59  Spire  
  140  11:01  Roach x2  
  140  11:02  Roach x9  
  140  11:03  Roach x15  
  191  11:26  Ravager x3  
  191  11:27  Ravager x3  
  197  11:34  Extractor  
  197  11:35  Extractor, Roach x30  
  195  11:41  Zerg Missile Weapons Level 3  
  85  12:10  Zergling x2, Roach x6, Hydralisk  
  85  12:11  Roach x9, Hydralisk x2  
  85  12:12  Roach x4  
  85  12:13  Roach  
  126  12:30  Hydralisk x6  
  138  13:02  Muscular Augments  
  138  13:04  Greater Spire  
  138  13:05  Hydralisk x4  
  138  13:06  Hydralisk x3, Roach x4  
  138  13:07  Roach x2  
  138  13:12  Zergling x16  
  139  14:02  Roach x16  
  139  14:05  Roach x16  
  139  14:25  Corruptor x3  
  139  14:26  Corruptor x3  
  139  14:27  Hydralisk x3  
  139  14:28  Hydralisk x5, Roach x4  
  139  14:29  Roach x4, Hydralisk x2  
  139  14:30  Roach  
  187  14:47  Zergling x2  
  187  14:48  Zergling x14  
  187  14:49  Zergling x4  
  197  14:57  Extractor  
  197  14:58  Hatchery  
  195  15:01  Extractor  
  195  15:03  Brood Lord x2  
  198  15:16  Adrenal Glands  
  198  15:25  Roach x17  
  198  15:36  Zergling x2  
  159  15:49  Hydralisk x2  
  101  15:50  Hydralisk x4, Roach x3  
  101  15:51  Hydralisk x5, Roach x4  
  101  15:52  Roach x4, Hydralisk  
  123  16:06  Hydralisk x5  
  123  16:07  Hydralisk x4  
  123  16:10  Zergling x6  
  141  16:29  Hydralisk  
  141  16:30  Hydralisk x7  
  133  16:43  Hydralisk x2  
  133  16:44  Hydralisk x2  
  98  16:52  Zergling x2  
  98  16:53  Zergling x6  
Tags
 
Add a new tag
Caveats
  • Supply blocks, unpowered buildings, or Contaminate may cause inaccurate times.
  • Supply counts are checked every 10 seconds.